Map: Daybreak LE (Void)

Players

Fropez - Winner!

  • Race: Protoss Protoss
  • League: Gold
  • Spawn Location: 1:00

Ownface

  • Race: Terran Terran
  • League: Platinum
  • Spawn Location: 7:00

VOD

Have the link to the VOD?

Description

Time

  • Played on: Dec. 28, 2016, 4:34 p.m.
  • Length: 24:01
Show
View Real Time Build Order
Export as new Build Order

Fropez Protoss - Winner!

Build Orders: 1 Gate Expand 

Get SALT Encoding   

  12  0:01  Probe (Chrono Boost)  
  13  0:11  Probe (Chrono Boost)  
  14  0:24  Pylon  
  14  0:25  Probe (Chrono Boost)  
  15  0:31  Assimilator  
  15  0:42  Probe (Chrono Boost)  
  16  0:49  Gateway  
  16  0:53  Probe (Chrono Boost)  
  17  1:04  Probe (Chrono Boost)  
  18  1:21  Nexus  
  18  1:26  Probe (Chrono Boost)  
  19  1:39  Cybernetics Core  
  19  1:46  Pylon  
  19  1:48  Probe (Chrono Boost)  
  20  1:57  Assimilator  
  20  1:58  Probe (Chrono Boost)  
  21  2:09  Probe (Chrono Boost)  
  21  2:13  Warp Gate  
  21  2:16  Adept  
  21  2:20  Mothership Core (Chrono Boost)  
  25  2:34  Probe (Chrono Boost)  
  26  2:39  Adept  
  26  2:40  Probe (Chrono Boost)  
  29  2:46  Probe (Chrono Boost)  
  31  2:52  Probe (Chrono Boost)  
  32  2:58  Probe (Chrono Boost)  
  32  3:04  Probe (Chrono Boost)  
  32  3:05  Pylon  
  33  3:07  Gateway  
  33  3:09  Adept  
  33  3:10  Probe (Chrono Boost)  
  36  3:24  Probe (Chrono Boost)  
  36  3:25  Probe (Chrono Boost)  
  38  3:36  Twilight Council  
  38  3:40  Probe (Chrono Boost)  
  40  3:42  Adept, Probe (Chrono Boost)  
  40  3:46  Robotics Facility  
  42  3:55  Adept  
  44  4:03  Pylon  
  44  4:05  Probe (Chrono Boost)  
  44  4:08  Probe (Chrono Boost)  
  46  4:10  Assimilator  
  46  4:18  Adept, Resonating Glaives  
  40  4:36  Observer  
  40  4:56  Stalker x2  
  45  5:00  Probe x2 (Chrono Boost)  
  44  5:10  Observer  
  44  5:13  Probe (Chrono Boost)  
  44  5:14  Probe (Chrono Boost)  
  47  5:24  Adept x2  
  47  5:25  Probe (Chrono Boost)  
  47  5:26  Probe (Chrono Boost)  
  53  5:37  Pylon, Probe (Chrono Boost)  
  53  5:38  Probe (Chrono Boost)  
  55  5:49  Probe (Chrono Boost)  
  56  5:50  Probe (Chrono Boost)  
  52  6:02  Stalker x2  
  56  6:05  Probe x2 (Chrono Boost)  
  56  6:09  Warp Prism  
  48  6:24  Adept  
  50  6:31  Probe x2 (Chrono Boost)  
  52  6:32  Adept  
  52  6:43  Observer, Probe (Chrono Boost), Stalker  
  52  6:44  Probe (Chrono Boost)  
  59  6:55  Probe (Chrono Boost)  
  59  6:56  Probe (Chrono Boost)  
  59  6:59  Adept  
  61  7:06  Gateway  
  61  7:08  Probe x2 (Chrono Boost)  
  63  7:10  Dark Shrine  
  63  7:14  Adept  
  65  7:26  Adept  
  67  7:30  Assimilator  
  67  7:32  Probe x2 (Chrono Boost)  
  67  7:36  Pylon  
  69  7:37  Pylon  
  70  7:44  Probe (Chrono Boost)  
  70  7:45  Pylon  
  70  7:49  Immortal  
  70  8:01  Probe (Chrono Boost)  
  70  8:02  Probe (Chrono Boost)  
  70  8:11  Stalker  
  63  8:28  Dark Templar  
  63  8:45  Dark Templar  
  65  9:00  Pylon  
  65  9:05  Forge  
  65  9:08  Pylon  
  63  9:18  Gateway  
  63  9:21  Pylon  
  63  9:30  Nexus  
  63  9:32  Assimilator  
  63  9:33  Gateway  
  63  9:36  Assimilator  
  63  9:37  Gateway  
  65  9:38  Probe x2 (Chrono Boost)  
  65  9:41  Pylon  
  65  9:42  Adept x3  
  65  9:44  Pylon, Gateway  
  71  9:50  Probe x2 (Chrono Boost)  
  71  9:52  Protoss Ground Weapons Level 1  
  73  10:01  Adept  
  73  10:02  Probe (Chrono Boost)  
  73  10:03  Probe (Chrono Boost)  
  77  10:12  Dark Templar  
  76  10:29  Zealot  
  76  10:30  Zealot x2  
  82  10:37  Probe (Chrono Boost)  
  83  10:49  Nexus, Probe (Chrono Boost)  
  84  10:50  Probe (Chrono Boost)  
  79  10:58  Stalker x2  
  79  10:59  Stalker x2  
  79  11:01  Probe x2 (Chrono Boost)  
  89  11:21  Pylon  
  89  11:23  Pylon  
  89  11:24  Probe (Chrono Boost)  
  90  11:30  Stalker x3  
  94  11:45  Adept x3  
  94  11:46  Adept  
  94  12:02  Adept x3  
  94  12:06  Protoss Ground Weapons Level 2  
  85  12:21  Blink  
  85  12:22  Probe x2 (Chrono Boost)  
  88  12:23  Probe (Chrono Boost), Immortal  
  92  12:30  Nexus  
  92  12:33  Assimilator  
  92  12:38  Assimilator  
  92  12:41  Pylon  
  92  12:43  Zealot x4  
  92  12:44  Pylon, Zealot x2  
  104  12:57  Warp Prism  
  88  13:15  Adept x7  
  96  13:23  Probe x3 (Chrono Boost)  
  97  13:27  Pylon  
  95  13:45  Adept x3  
  95  13:46  Adept x3, Observer  
  107  14:17  Protoss Ground Weapons Level 3  
  107  14:21  Adept x2  
  107  14:22  Adept x5  
  121  14:50  Pylon  
  121  14:52  Pylon  
  121  15:00  Photon Cannon  
  121  15:02  Photon Cannon  
  121  15:03  Photon Cannon  
  121  15:05  Photon Cannon  
  124  15:07  Probe x3 (Chrono Boost)  
  124  15:13  Photon Cannon  
  98  15:24  Adept  
  98  15:25  Adept x5  
  108  16:01  Zealot x3  
  114  16:05  Nexus  
  114  16:09  Assimilator  
  114  16:10  Stalker x3  
  120  16:14  Assimilator  
  120  16:16  Photon Cannon  
  120  16:19  Photon Cannon  
  120  16:22  Photon Cannon  
  118  16:27  Adept, Pylon  
  118  16:29  Pylon  
  117  16:42  Templar Archives  
  117  16:46  Stalker  
  113  17:24  Pylon  
  113  17:30  Pylon  
  113  17:36  Dark Templar  
  108  17:48  Stalker x2  
  108  17:49  Stalker  
  110  18:15  Probe x2 (Chrono Boost)  
  110  18:16  Probe x2 (Chrono Boost)  
  114  18:26  Nexus  
  114  18:29  High Templar x2  
  114  18:30  High Templar x4  
  126  19:05  Archon x3  
  126  19:07  High Templar x3  
  126  19:08  High Templar x3  
  129  19:27  Gateway  
  129  19:30  Archon x2  
  129  19:31  Archon  
  128  19:40  Photon Cannon  
  128  19:42  Photon Cannon  
  128  19:51  High Templar x2  
  128  19:52  High Templar x2  
  124  20:06  Adept x2  
  116  20:24  High Templar x2  
  113  20:47  Stalker  
  113  20:48  Stalker x2  
  119  21:04  Zealot x2  
  119  21:05  Zealot  
  119  21:08  Probe x2 (Chrono Boost)  
  119  21:09  Probe x2 (Chrono Boost)  
  129  21:21  Zealot x3  
  127  21:45  Archon x2  
  127  21:46  Archon  
  126  21:51  Protoss Ground Armor Level 1  
  126  21:53  Zealot  
  126  21:54  Zealot x3  
  127  22:00  Assimilator  
  126  22:03  Pylon  
  126  22:06  Pylon  
  126  22:09  Gateway  
  124  22:16  Zealot x3  
  124  22:17  Zealot x4  
  134  22:59  Adept  
  134  23:00  Adept x6  
  74  23:51  Zealot x2  
  74  23:52  Zealot x4  
  74  23:53  Zealot  
Show
View Real Time Build Order
Export as new Build Order

Ownface Terran 

Build Orders:  

Get SALT Encoding   

  12  0:11  SCV  
  13  0:23  SCV  
  14  0:30  Supply Depot  
  14  0:35  SCV, Refinery  
  15  0:52  SCV  
  15  0:54  Barracks  
  16  1:11  Supply Depot  
  16  1:12  SCV  
  17  1:25  SCV  
  18  1:41  Orbital Command  
  18  1:45  Marine  
  18  1:46  Factory  
  19  2:04  Barracks Reactor  
  19  2:17  Refinery  
  19  2:20  Command Center  
  19  2:22  SCV  
  20  2:35  Starport  
  20  2:40  SCV  
  20  2:52  Widow Mine x2  
  20  2:54  Marine  
  25  3:01  SCV, Barracks  
  26  3:07  Supply Depot  
  26  3:13  Medivac  
  26  3:16  Marine  
  29  3:31  Widow Mine x2  
  33  3:41  Barracks Tech Lab, Barracks  
  33  3:51  Marine  
  33  3:54  Barracks  
  34  3:58  SCV  
  34  4:00  SCV  
  36  4:07  Stimpack  
  36  4:17  SCV  
  36  4:19  Marine x2  
  39  4:36  Marine  
  39  4:38  Marine  
  39  4:42  Orbital Command  
  39  4:47  Barracks Reactor, Engineering Bay  
  39  4:55  Supply Depot  
  39  5:01  Orbital Command  
  39  5:02  Marine  
  39  5:03  Marine  
  39  5:04  Marine  
  40  5:20  Marine  
  39  5:21  Marine  
  39  5:22  Marine  
  39  5:26  Marine x2  
  39  5:27  Barracks  
  43  5:29  Barracks  
  43  5:31  SCV  
  44  5:43  SCV  
  45  5:55  Widow Mine x2  
  45  5:56  Marine  
  45  5:57  Marine x4  
  42  6:12  SCV  
  42  6:14  Marine  
  42  6:15  Marine  
  42  6:16  Marine x4  
  47  6:24  SCV  
  47  6:30  SCV  
  47  6:36  SCV  
  47  6:42  SCV  
  48  6:48  Marine, SCV  
  48  6:49  Marine x6  
  56  6:55  SCV  
  56  7:00  SCV, Supply Depot  
  58  7:05  Medivac  
  60  7:12  SCV  
  59  7:22  Marine x4  
  59  7:23  Marine x3  
  59  7:25  SCV  
  59  7:28  SCV  
  67  7:37  Supply Depot  
  67  7:40  Marine x6, Supply Depot  
  69  8:03  Marine x2  
  69  8:04  Marine x5  
  69  8:20  Marine  
  69  8:21  Marine  
  69  8:22  Marine x5  
  69  8:24  Supply Depot x2  
  69  8:25  SCV  
  73  8:27  SCV  
  72  8:37  SCV  
  72  8:38  Marine  
  72  8:39  Marine x3  
  77  8:46  Widow Mine  
  77  8:47  Widow Mine  
  81  8:54  Medivac  
  74  9:15  Missile Turret  
  74  9:16  Command Center  
  74  9:18  Missile Turret  
  74  9:21  Missile Turret  
  74  9:23  Missile Turret  
  74  9:27  Medivac  
  74  9:28  Marine x5  
  81  9:42  SCV  
  81  9:43  SCV  
  83  9:54  SCV  
  83  9:55  SCV  
  67  10:33  Orbital Command  
  67  10:37  Marine  
  67  10:38  Marine x6  
  74  10:55  Marine x6  
  74  10:56  Marine  
  80  11:03  Missile Turret  
  80  11:04  Orbital Command  
  80  11:13  Marine x6  
  80  11:14  SCV  
  87  11:26  SCV  
  87  11:30  Marine  
  87  11:31  Marine x6  
  95  11:34  Widow Mine  
  97  11:42  Terran Infantry Weapons Level 1  
  97  11:47  Engineering Bay  
  97  11:48  Marine x2  
  97  11:49  Marine x5  
  71  12:38  Marine x5  
  71  12:39  Marine x2  
  78  12:55  Factory, Missile Turret  
  78  12:56  Marine x7  
  78  12:57  Missile Turret  
  85  13:00  Orbital Command  
  73  13:13  Marine  
  73  13:14  Marine x3  
  67  13:39  Marine  
  67  13:40  Marine x6  
  74  13:57  Marine  
  74  13:58  Marine x6  
  81  14:05  SCV  
  82  14:13  SCV  
  82  14:15  Marine x3  
  82  14:16  Marine x4  
  90  14:17  SCV  
  91  14:29  SCV  
  91  14:33  Marine x7  
  95  14:44  Supply Depot  
  95  14:45  SCV, Supply Depot  
  96  14:46  Supply Depot  
  96  14:47  SCV, Supply Depot  
  96  14:50  Marine  
  96  14:51  Marine x5  
  103  14:53  Marine  
  103  14:57  SCV  
  103  14:59  SCV  
  106  15:08  Marine  
  106  15:09  Marine x5, SCV  
  89  15:29  SCV  
  90  15:41  SCV  
  77  15:56  Missile Turret  
  75  15:58  Missile Turret  
  59  17:01  Marine  
  59  17:02  Marine x6  
  66  17:18  Command Center, Medivac  
  66  17:19  Marine, Missile Turret  
  66  17:20  Marine x6  
  66  17:21  Missile Turret  
  66  17:22  Factory  
  75  17:26  Command Center  
  75  17:37  Marine x2  
  75  17:38  Marine x5  
  81  17:48  Medivac  
  81  17:55  Marine x4  
  81  17:56  Marine x3  
  88  18:02  Orbital Command  
  87  18:06  Missile Turret  
  82  18:13  Marine x6  
  82  18:14  Marine  
  82  18:19  Armory  
  85  18:20  Armory, Medivac  
  85  18:22  Starport  
  85  18:25  Missile Turret  
  87  18:27  Factory Tech Lab  
  87  18:30  Marine  
  87  18:31  Marine  
  87  18:33  SCV  
  90  18:35  Marine  
  90  18:36  Marine x4  
  90  18:38  Planetary Fortress  
  90  18:40  Planetary Fortress  
  92  18:48  Marine  
  92  18:49  Marine  
  92  18:50  Medivac  
  92  18:53  Marine x2  
  92  18:54  Marine x3  
  88  19:06  Marine  
  88  19:07  Marine  
  90  19:11  Marine x5  
  90  19:16  Siege Tank  
  98  19:19  Medivac  
  100  19:24  Marine  
  100  19:25  Marine  
  100  19:29  Marine x5  
  107  19:34  Orbital Command  
  107  19:35  SCV  
  107  19:36  SCV  
  109  19:42  Marine x2  
  111  19:46  Marine  
  111  19:47  Marine x4, SCV  
  118  19:59  Marine, SCV  
  106  20:00  Marine  
  106  20:04  SCV  
  104  20:16  Terran Infantry Weapons Level 2  
  99  20:22  Engineering Bay  
  60  21:07  Missile Turret  
  60  21:08  Factory  
  60  21:10  Command Center, Missile Turret  
  60  21:11  Command Center  
  60  21:16  Missile Turret  
  60  21:17  Missile Turret  
  51  21:44  Marine  
  51  21:45  Marine x6  
  58  21:47  Medivac  
  58  21:53  Supply Depot  
  60  21:54  Supply Depot  
  60  22:01  Factory Tech Lab  
  60  22:02  Marine x2  
  60  22:03  Marine x5  
  60  22:04  Missile Turret  
  65  22:17  Medivac  
  65  22:20  Marine x7  
  67  22:38  Marine x7  
  67  22:39  Hellbat  
  56  22:55  Marine  
  56  22:56  Marine x6  
  62  23:13  Marine  
  62  23:14  Marine x6  
  53  23:32  Marine  
Tags
 
Add a new tag
Caveats
  • Supply blocks, unpowered buildings, or Contaminate may cause inaccurate times.
  • Supply counts are checked every 10 seconds.